TOP OF THE 1ST |
New York Yankees batting - Pitching for Minnesota Twins : RHP John Martin
|
Pitching: RHP John Martin
|
|
Batting: SHB Jerry Manuel
|
0-0: Called Strike 0-1: Ball 1-1: Fly out, F8 (Flyball, 8RS, EV 93.1 MPH)
|
Batting: RHB Pedro Guerrero
|
0-0: Ball 1-0: Foul Ball, location: 2F 1-1: Reached on error, E5 (Groundball, 56S, EV 65.0 MPH)
|
Batting: LHB Kent Hrbek
|
Pickoff Throw to First - Out! 1-3 0-0: Ball 1-0: Ball 2-0: Ball 3-0: Called Strike 3-1: Base on Balls
|
Batting: LHB Wade Boggs
|
0-0: Ball 1-0: Called Strike 1-1: Ground out 4-3 (Groundball, 4S, EV 87.5 MPH)
|
Top of the 1st over - 0 runs, 0 hits, 1 error, 1 left on base; New York 0 - Minnesota 0 |
BOTTOM OF THE 1ST |
Minnesota Twins batting - Pitching for New York Yankees : RHP Paul Moskau
|
Pitching: RHP Paul Moskau
|
|
Batting: RHB Lee Lacy
|
0-0: Swinging Strike 0-1: SINGLE (Line Drive, 4D, EV 101.3 MPH)
|
Batting: RHB Steve Brye
|
0-0: Ball 1-0: Foul Ball, location: 2F 1-1: Swinging Strike 1-2: Ball 2-2: Foul Ball, location: 2F 2-2: Ball 3-2: Base on Balls Lee Lacy to second
|
Batting: RHB Matt Cooper
|
0-0: Ball 1-0: Ball 2-0: Called Strike 2-1: Grounds into double play, 6-4-3 (Groundball, 6, EV 101.9 MPH) Lee Lacy to third
|
Batting: RHB Randy Edwards
|
0-0: Ball 1-0: Foul Ball, location: 2F 1-1: Called Strike 1-2: Foul Ball, location: 2F 1-2: Ball 2-2: Ball 3-2: Foul Ball, location: 2F 3-2: SINGLE (Groundball, 6MD, EV 93.8 MPH) Lee Lacy scores
|
Batting: RHB Larry Hisle
|
0-0: Called Strike 0-1: Foul Ball, location: 2F 0-2: Foul Ball, location: 2F 0-2: Fly out, F8 (Flyball, 8RS, EV 76.3 MPH)
|
Bottom of the 1st over - 1 run, 2 hits, 0 errors, 1 left on base; New York 0 - Minnesota 1 |
TOP OF THE 2ND |
New York Yankees batting - Pitching for Minnesota Twins : RHP John Martin
|
Batting: LHB George Kaage
|
0-0: Swinging Strike 0-1: Ball 1-1: Ball 2-1: Ball 3-1: Base on Balls
|
Batting: RHB David Hall
|
0-0: Ball 1-0: Called Strike 1-1: Ball 2-1: Called Strike 2-2: Foul Ball, location: 2F 2-2: Strikes out looking
|
Batting: RHB Emanuel Cortez
|
0-0: Ball 1-0: Fielders Choice at 2nd, 1-6 (Groundball, 13, EV 69.4 MPH)
|
Batting: SHB Tim Raines
|
0-0: Called Strike 0-1: Foul Ball, location: 2F 0-2: Ball 1-2: Foul Ball, location: 2F 1-2: Ball Emanuel Cortez is caught stealing 2nd base 2-6
|
Top of the 2nd over - 0 runs, 0 hits, 0 errors, 0 left on base; New York 0 - Minnesota 1 |
BOTTOM OF THE 2ND |
Minnesota Twins batting - Pitching for New York Yankees : RHP Paul Moskau
|
Batting: RHB George Foster
|
0-0: Called Strike 0-1: Foul Ball, location: 2F 0-2: Foul Ball, location: 2F 0-2: Strikes out swinging, 2-3 out at first.
|
Batting: RHB Chet Lemon
|
0-0: Ball 1-0: Ball 2-0: Ball 3-0: Base on Balls
|
Batting: RHB Brook Jacoby
|
0-0: Called Strike 0-1: Ball 1-1: Foul Ball, location: 2F 1-2: Strikes out swinging
|
Batting: LHB Ken Oberkfell
|
0-0: Ball 1-0: SINGLE (Groundball, 4MD, EV 99.4 MPH) Chet Lemon to second Runner from 2nd tries for 3rd, SAFE, throw by CF made to third
|
Batting: RHB Lee Lacy
|
Pickoff Throw to First - Error! E1 Chet Lemon scores Ken Oberkfell to second 0-0: Ball 1-0: Ball 2-0: Ball 3-0: Base on Balls
|
Batting: RHB Steve Brye
|
0-0: Ball 1-0: Called Strike 1-1: SINGLE (Groundball, 25, EV 66.9 MPH) (infield hit) Ken Oberkfell to third Lee Lacy to second
|
Batting: RHB Matt Cooper
|
0-0: Ball 1-0: Swinging Strike 1-1: SINGLE (Flyball, 9S, EV 84.4 MPH) Ken Oberkfell scores Lee Lacy to third Steve Brye to second Runner from 3rd tries for Home, SAFE, throw by RF to home
|
Batting: RHB Randy Edwards
|
0-0: Ball 1-0: Fly out, F7 (Flyball, 7, EV 93.8 MPH)
|
Bottom of the 2nd over - 3 runs, 3 hits, 1 error, 2 left on base; New York 0 - Minnesota 4 |
TOP OF THE 3RD |
New York Yankees batting - Pitching for Minnesota Twins : RHP John Martin
|
Batting: SHB Tim Raines
|
0-0: Foul Ball, location: 2F 0-1: Ball 1-1: SINGLE (Groundball, 34D, EV 101.9 MPH) (infield hit)
|
Batting: LHB Ron Hassey
|
0-0: Called Strike 0-1: Ball 1-1: Swinging Strike 1-2: Ball 2-2: Foul Ball, location: 2F 2-2: Strikes out swinging
|
Batting: SHB Jerry Manuel
|
0-0: Called Strike Tim Raines steals 2nd base 0-1: Ball 1-1: Foul Ball, location: 2F 1-2: Foul Ball, location: 2F 1-2: Strikes out looking
|
Batting: RHB Pedro Guerrero
|
0-0: SINGLE (Groundball, 5D, EV 103.1 MPH) Tim Raines to third Runner from 3rd tries for Home, SAFE, throw by LF to home Pedro Guerrero to second
|
Batting: LHB Kent Hrbek
|
0-0: Ball 1-0: Ground out 6-3 (Groundball, 6MS, EV 76.3 MPH)
|
Top of the 3rd over - 1 run, 2 hits, 0 errors, 1 left on base; New York 1 - Minnesota 4 |
BOTTOM OF THE 3RD |
Minnesota Twins batting - Pitching for New York Yankees : RHP Paul Moskau
|
Batting: RHB Larry Hisle
|
0-0: SINGLE (Flyball, 8RS, EV 95.6 MPH)
|
Batting: RHB George Foster
|
0-0: Ball Larry Hisle steals 2nd base 1-0: Ball 2-0: Ball 3-0: Base on Balls
|
Batting: RHB Chet Lemon
|
0-0: Called Strike 0-1: Ball 1-1: Foul Ball, location: 2F 1-2: Ball 2-2: Foul Ball, location: 2F 2-2: SINGLE (Groundball, 6D, EV 101.9 MPH) Larry Hisle to third George Foster to second Runner from 3rd tries for Home, SAFE, throw by CF to home
|
Batting: RHB Brook Jacoby
|
0-0: Called Strike 0-1: Ball 1-1: Called Strike 1-2: Ball 2-2: Foul Ball, location: 2F 2-2: 3-RUN HOME RUN (Line Drive, 9LD, EV 97.5 MPH), Distance : 384 ft
|
Pitching: RHP Javier Villanueva
|
|
Batting: LHB Ken Oberkfell
|
0-0: Ball 1-0: Ground out 5-3 (Groundball, 56, EV 105.0 MPH)
|
Batting: RHB Lee Lacy
|
0-0: Ball 1-0: DOUBLE (Line Drive, 8LXD, EV 111.3 MPH)
|
Batting: RHB Steve Brye
|
0-0: Foul Ball, location: 2F 0-1: Called Strike 0-2: Foul Ball, location: 2F 0-2: Ball 1-2: Ball 2-2: Ball 3-2: Foul Ball, location: 2F 3-2: Fly out, F8 (Flyball, 89XD, EV 94.4 MPH) Runner from 2nd tags up, SAFE at 3rd, no throw by CF
|
Batting: RHB Matt Cooper
|
0-0: Fly out, F7 (Flyball, 7D, EV 98.8 MPH)
|
Bottom of the 3rd over - 4 runs, 4 hits, 0 errors, 1 left on base; New York 1 - Minnesota 8 |
TOP OF THE 4TH |
New York Yankees batting - Pitching for Minnesota Twins : RHP John Martin
|
Batting: LHB Wade Boggs
|
0-0: Called Strike 0-1: Ball 1-1: Ball 2-1: SINGLE (Line Drive, 7S, EV 92.5 MPH)
|
Batting: LHB George Kaage
|
0-0: Ball 1-0: Ball 2-0: Called Strike 2-1: Ball 3-1: Base on Balls Wade Boggs to second
|
Batting: RHB David Hall
|
0-0: Ball 1-0: Foul Ball, location: 2F 1-1: Foul Ball, location: 2F 1-2: Foul Ball, location: 2F 1-2: Fly out, F5 (Popup, 5, EV 65.0 MPH)
|
Batting: RHB Emanuel Cortez
|
0-0: Ball 1-0: Ball 2-0: SINGLE (Groundball, 4MD, EV 107.5 MPH) Wade Boggs to third George Kaage to second Runner from 3rd tries for Home, SAFE, throw by CF to home
|
Batting: SHB Tim Raines
|
0-0: Swinging Strike 0-1: Ball 1-1: Hit by Pitch George Kaage to third Emanuel Cortez to second
|
Batting: LHB Ron Hassey
|
0-0: Ball 1-0: Foul Ball, location: 2F 1-1: Ball 2-1: Ball 3-1: Base on Balls George Kaage scores Emanuel Cortez to third Tim Raines to second
|
Batting: SHB Jerry Manuel
|
0-0: Called Strike 0-1: Ball 1-1: Ball 2-1: Ball 3-1: Swinging Strike 3-2: Base on Balls Emanuel Cortez scores Tim Raines to third Ron Hassey to second
|
Batting: RHB Pedro Guerrero
|
0-0: Ball 1-0: Called Strike 1-1: Foul Ball, location: 2F 1-2: Ball 2-2: Foul Ball, location: 2F 2-2: Grounds into fielders choice 4-2 (Groundball, 4, EV 90.6 MPH) Ron Hassey to third Jerry Manuel to second
|
Batting: LHB Kent Hrbek
|
0-0: Ball 1-0: Swinging Strike 1-1: Swinging Strike 1-2: Fly out, F7 (Flyball, 7, EV 81.3 MPH)
|
Top of the 4th over - 3 runs, 2 hits, 0 errors, 3 left on base; New York 4 - Minnesota 8 |
BOTTOM OF THE 4TH |
Minnesota Twins batting - Pitching for New York Yankees : RHP Javier Villanueva
|
Batting: RHB Randy Edwards
|
0-0: Fly out, F9 (Line Drive, 9, EV 88.8 MPH)
|
Batting: RHB Larry Hisle
|
0-0: Ball 1-0: Called Strike 1-1: Ball 2-1: Ball 3-1: Foul Ball, location: 2F 3-2: Fly out, F9 (Flyball, 89D, EV 75.6 MPH)
|
Batting: RHB George Foster
|
0-0: Ground out 1-3 (Groundball, P, EV 70.0 MPH)
|
Bottom of the 4th over - 0 runs, 0 hits, 0 errors, 0 left on base; New York 4 - Minnesota 8 |
TOP OF THE 5TH |
New York Yankees batting - Pitching for Minnesota Twins : RHP John Martin
|
Batting: LHB Wade Boggs
|
0-0: Called Strike 0-1: Foul Ball, location: 2F 0-2: Ball 1-2: Fly out, F9 (Flyball, 9LM, EV 76.3 MPH)
|
Batting: LHB George Kaage
|
0-0: Swinging Strike 0-1: Ball 1-1: Foul Ball, location: 2F 1-2: SINGLE (Flyball, 5D, EV 91.3 MPH)
|
Batting: RHB David Hall
|
0-0: Called Strike 0-1: Foul Ball, location: 2F 0-2: SINGLE (Groundball, 4MD, EV 101.3 MPH) George Kaage to second Runner from 2nd tries for 3rd, SAFE, no throw by CF
|
Pitching: RHP Mark Fidrych
|
|
Batting: RHB Emanuel Cortez
|
0-0: Called Strike 0-1: Called Strike Pickoff Throw to First - Error! E1 George Kaage scores David Hall to second 0-2: Fly out, F9 (Flyball, 9, EV 86.3 MPH)
|
Batting: SHB Tim Raines
|
0-0: Called Strike 0-1: Foul Ball, location: 2F 0-2: Foul Ball, location: 2F 0-2: Foul Ball, location: 2F Balk! David Hall to third 0-2: Ball 1-2: Foul Ball, location: 2F 1-2: Ground out 6-3 (Groundball, 6M, EV 83.8 MPH)
|
Top of the 5th over - 1 run, 2 hits, 1 error, 1 left on base; New York 5 - Minnesota 8 |
BOTTOM OF THE 5TH |
Minnesota Twins batting - Pitching for New York Yankees : RHP Javier Villanueva
|
Batting: RHB Chet Lemon
|
0-0: Ball 1-0: Called Strike 1-1: Called Strike 1-2: Ball 2-2: Foul Ball, location: 2F 2-2: Strikes out swinging
|
Batting: RHB Brook Jacoby
|
0-0: Ball 1-0: Ball 2-0: Called Strike 2-1: Foul Ball, location: 2F 2-2: Strikes out swinging
|
Batting: LHB Ken Oberkfell
|
0-0: Ground out 6-3 (Groundball, 6, EV 87.5 MPH)
|
Bottom of the 5th over - 0 runs, 0 hits, 0 errors, 0 left on base; New York 5 - Minnesota 8 |
TOP OF THE 6TH |
New York Yankees batting - Pitching for Minnesota Twins : RHP Mark Fidrych
|
Batting: LHB Ron Hassey
|
0-0: Foul Ball, location: 2F 0-1: Ball 1-1: Ground out 5-3 (Groundball, 5L, EV 97.5 MPH)
|
Batting: SHB Jerry Manuel
|
0-0: Ball 1-0: Ground out 5-3 (Groundball, 5, EV 79.4 MPH)
|
Batting: RHB Pedro Guerrero
|
0-0: Called Strike 0-1: Ball 1-1: Ball 2-1: Ball 3-1: Foul Ball, location: 2F 3-2: Foul Ball, location: 2F 3-2: Strikes out swinging
|
Top of the 6th over - 0 runs, 0 hits, 0 errors, 0 left on base; New York 5 - Minnesota 8 |
BOTTOM OF THE 6TH |
Minnesota Twins batting - Pitching for New York Yankees : RHP Javier Villanueva
|
Batting: RHB Lee Lacy
|
0-0: Foul Ball, location: 2F 0-1: Called Strike 0-2: Ball 1-2: Ground out 6-3 (Groundball, 6, EV 80.0 MPH)
|
Batting: RHB Steve Brye
|
0-0: Ball 1-0: Foul Ball, location: 2F 1-1: Ball 2-1: Ball 3-1: Base on Balls
|
Batting: RHB Matt Cooper
|
0-0: Called Strike 0-1: Grounds into double play, 5-4-3 (Groundball, 56, EV 89.4 MPH)
|
Bottom of the 6th over - 0 runs, 0 hits, 0 errors, 0 left on base; New York 5 - Minnesota 8 |
TOP OF THE 7TH |
New York Yankees batting - Pitching for Minnesota Twins : RHP Mark Fidrych
|
Batting: LHB Kent Hrbek
|
0-0: Ball 1-0: Swinging Strike 1-1: Ball 2-1: Foul Ball, location: 2F 2-2: Fly out, F9 (Flyball, 9, EV 83.8 MPH)
|
Batting: LHB Wade Boggs
|
0-0: Ball 1-0: Ball 2-0: Ball 3-0: Foul Ball, location: 2F 3-1: Called Strike 3-2: Foul Ball, location: 2F 3-2: DOUBLE (Line Drive, 89D, EV 102.5 MPH)
|
Batting: LHB George Kaage
|
0-0: Ball 1-0: SINGLE (Groundball, 3D, EV 106.3 MPH) Wade Boggs to third Runner from 3rd tries for Home, SAFE, throw by RF to home George Kaage to second
|
Batting: RHB David Hall
|
0-0: Swinging Strike 0-1: Swinging Strike 0-2: Strikes out looking
|
Batting: RHB Emanuel Cortez
|
0-0: Fly out, F5 (Line Drive, 5, EV 66.9 MPH)
|
Top of the 7th over - 1 run, 2 hits, 0 errors, 1 left on base; New York 6 - Minnesota 8 |
BOTTOM OF THE 7TH |
Minnesota Twins batting - Pitching for New York Yankees : RHP Javier Villanueva
|
Batting: RHB Randy Edwards
|
0-0: Foul Ball, location: 2F 0-1: Ball 1-1: Fly out, F7 (Flyball, 78M, EV 91.9 MPH)
|
Batting: RHB Larry Hisle
|
0-0: Ball 1-0: Ball 2-0: Ball 3-0: Called Strike 3-1: Base on Balls
|
Batting: RHB George Foster
|
0-0: Called Strike 0-1: Fly out, F8 (Flyball, 89M, EV 93.8 MPH)
|
Batting: RHB Chet Lemon
|
0-0: Swinging Strike 0-1: Called Strike 0-2: Strikes out swinging
|
Bottom of the 7th over - 0 runs, 0 hits, 0 errors, 1 left on base; New York 6 - Minnesota 8 |
TOP OF THE 8TH |
New York Yankees batting - Pitching for Minnesota Twins : RHP Mark Fidrych
|
Now at C: Tom Brown
|
|
Batting: SHB Tim Raines
|
0-0: Called Strike 0-1: Foul Ball, location: 2F 0-2: Ball 1-2: Foul Ball, location: 2F 1-2: Foul Ball, location: 2F 1-2: Strikes out looking
|
Batting: LHB Ron Hassey
|
0-0: Swinging Strike 0-1: SOLO HOME RUN (Line Drive, 89XD, EV 100.6 MPH), Distance : 378 ft
|
Pitching: RHP Stephen Fuller
|
|
Batting: SHB Jerry Manuel
|
0-0: Called Strike 0-1: Called Strike 0-2: Ball 1-2: Strikes out swinging
|
Batting: RHB Pedro Guerrero
|
0-0: Ball 1-0: Ground out 6-3 (Groundball, 56D, EV 110.0 MPH)
|
Top of the 8th over - 1 run, 1 hit, 0 errors, 0 left on base; New York 7 - Minnesota 8 |
BOTTOM OF THE 8TH |
Minnesota Twins batting - Pitching for New York Yankees : RHP Javier Villanueva
|
Batting: RHB Brook Jacoby
|
0-0: Ball 1-0: Swinging Strike 1-1: Foul Ball, location: 2F 1-2: Ball 2-2: DOUBLE (Line Drive, 3D, EV 96.3 MPH)
|
Batting: LHB Ken Oberkfell
|
0-0: Ball 1-0: Ground out 4-3 (Groundball, 4, EV 83.1 MPH) Brook Jacoby to third
|
Pitching: LHP Jose Paz
|
|
Batting: RHB Lee Lacy
|
0-0: Swinging Strike 0-1: Fly out, F9 (Flyball, 9, EV 79.4 MPH) Runner from 3rd tags up, SCORES, throw by RF
|
Batting: RHB Steve Brye
|
0-0: Foul Ball, location: 2F 0-1: Ball 1-1: Ball 2-1: Foul Ball, location: 2F 2-2: Foul Ball, location: 2F 2-2: Ball 3-2: Foul Ball, location: 2F 3-2: DOUBLE (Flyball, 8RXD, EV 108.8 MPH)
|
Batting: RHB Tom Brown
|
0-0: Called Strike 0-1: Ball 1-1: Ball 2-1: Ball 3-1: Base on Balls
|
Batting: RHB Randy Edwards
|
0-0: Ball 1-0: Swinging Strike 1-1: Foul Ball, location: 2F 1-2: Ball 2-2: Fly out, F8 (Flyball, 89D, EV 86.3 MPH)
|
Bottom of the 8th over - 1 run, 2 hits, 0 errors, 2 left on base; New York 7 - Minnesota 9 |
TOP OF THE 9TH |
New York Yankees batting - Pitching for Minnesota Twins : RHP Stephen Fuller
|
Now at 2B: Taylor Duncan
|
|
Batting: LHB Kent Hrbek
|
0-0: Ball 1-0: Ball 2-0: Called Strike 2-1: Called Strike 2-2: Foul Ball, location: 2F 2-2: Ball 3-2: Base on Balls
|
Batting: LHB Wade Boggs
|
0-0: Hit by Pitch Kent Hrbek to second
|
Batting: LHB George Kaage
|
0-0: Swinging Strike 0-1: Ball 1-1: Ball 2-1: Ball 3-1: Base on Balls Kent Hrbek to third Wade Boggs to second
|
Batting: RHB David Hall
|
0-0: Ball 1-0: Foul Ball, location: 2F 1-1: Called Strike 1-2: Foul Ball, location: 2F 1-2: Ball 2-2: Ball 3-2: Foul Ball, location: 2F 3-2: Base on Balls Kent Hrbek scores Wade Boggs to third George Kaage to second
|
Pitching: RHP Scott Brown
|
|
Batting: RHB Emanuel Cortez
|
0-0: Swinging Strike 0-1: Ball 1-1: Ball 2-1: Fly out, F8 (Flyball, 8RXD, EV 95.0 MPH) Runner from 3rd tags up, SCORES, no throw by CF
|
Batting: SHB Tim Raines
|
0-0: Called Strike 0-1: DOUBLE (Flyball, 89XD, EV 100.0 MPH) George Kaage scores David Hall to third Runner from 3rd tries for Home, SAFE, no throw by RF
|
Batting: LHB Ron Hassey
|
0-0: Ball 1-0: Swinging Strike 1-1: Ball 2-1: Reached on error, E5 (Groundball, 56S, EV 86.3 MPH) Tim Raines to third
|
Batting: SHB Jerry Manuel
|
0-0: Called Strike 0-1: Ball 1-1: SINGLE (Line Drive, 6M, EV 94.4 MPH) Tim Raines scores Ron Hassey to second
|
Batting: RHB Pedro Guerrero
|
0-0: Swinging Strike 0-1: Ball 1-1: Fly out, F8 (Line Drive, 8RD, EV 88.8 MPH)
|
Batting: LHB Kent Hrbek
|
0-0: Ball 1-0: SINGLE (Groundball, 34D, EV 98.1 MPH) Ron Hassey to third Jerry Manuel to second Runner from 3rd tries for Home, SAFE, throw by RF to home
|
Now in RF: Jerry Mumphrey
|
|
Batting: LHB Wade Boggs
|
0-0: Called Strike Jerry Manuel steals 3rd base 0-1: Foul Ball, location: 2F 0-2: Strikes out swinging
|
Top of the 9th over - 6 runs, 3 hits, 1 error, 2 left on base; New York 13 - Minnesota 9 |
BOTTOM OF THE 9TH |
Minnesota Twins batting - Pitching for New York Yankees : LHP Jose Paz
|
Batting: RHB Larry Hisle
|
0-0: Called Strike 0-1: Ball 1-1: Ball 2-1: Ground out 4-3 (Groundball, 34, EV 93.1 MPH)
|
Batting: SHB Jerry Mumphrey
|
0-0: Swinging Strike 0-1: Swinging Strike 0-2: Ball 1-2: Ball 2-2: Ball 3-2: Foul Ball, location: 2F 3-2: Foul Ball, location: 2F 3-2: Strikes out swinging
|
Batting: RHB Chet Lemon
|
0-0: Ball 1-0: Called Strike 1-1: Ball 2-1: Ball 3-1: Base on Balls
|
Batting: RHB Taylor Duncan
|
0-0: Foul Ball, location: 2F 0-1: Swinging Strike 0-2: Fielders Choice at 2nd, 6-4 (Groundball, 6, EV 101.9 MPH)
|
Bottom of the 9th over - 0 runs, 0 hits, 0 errors, 1 left on base; New York 13 - Minnesota 9 |
|